 Dungeon Crawl Stone Soup version 0.27.1-2-g3b301248ec (webtiles) character file.

Game seed: 3165415977498143110

146 fijero the Conjurer (level 5, 0/42 HPs)
             Began as a Naga Conjurer on Sept 25, 2021.
             Slain by Crazy Yiuf (13 damage)
             ... on level 3 of the Dungeon.
             The game lasted 00:28:22 (3299 turns).

fijero the Conjurer (Naga Conjurer)                 Turns: 3299, Time: 00:28:24

Health: 0/42       AC:  5    Str:  9    XL:     5   Next: 28%
Magic:  5/8        EV: 10    Int: 19    God:
Gold:   140        SH:  0    Dex: 10    Spells: 3/8 levels left

rFire    . . .     SeeInvis +   d - +0 dagger
rCold    . . .     Faith    .   (no shield)
rNeg     . . .     Spirit   .   a - +0 robe
rPois    +         Reflect  .   i - +2 hat
rElec    .         Harm     .   h - +0 cloak
rCorr    .         Rampage  .   (no gloves)
Will     .....                  (no barding)
Stlth    ++........             f - amulet of regeneration
HPRegen  1.14/turn              (no ring)
MPRegen  0.11/turn              (no ring)

@: very slow
A: AC +1, large, see invisible, deformed body, poison resistance, slowness 2,
spit poison 1, naga tail 1
a: Spit Poison


You were on level 3 of the Dungeon.
You visited 1 branch of the dungeon, and saw 3 of its levels.

You collected 140 gold pieces.

Inventory:

Hand Weapons
 d - a +0 dagger (weapon)
Missiles
 q - 7 atropa-tipped darts
Armour
 a - a +0 robe (worn)
 h - a +0 cloak (worn)
 i - a +2 hat (worn)
Jewellery
 f - an amulet of regeneration (around neck)
Wands
 j - a wand of polymorph (4)
Scrolls
 c - 2 scrolls of identify {unknown}
 g - a scroll of fog {unknown}
 k - 2 scrolls of blinking {unknown}
 l - a scroll of noise {unknown}
 m - a scroll of vulnerability {unknown}
 p - a scroll of amnesia {unknown}
Potions
 b - a potion of magic {unknown}
 e - a potion of might {unknown}
 n - a potion of haste
 o - a potion of brilliance {unknown}


   Skills:
 - Level 1.8 Dodging
 + Level 4.2 Stealth
 - Level 2.3 Spellcasting
 - Level 5.4 Conjurations
 * Level 1.7 Translocations


You had 3 spell levels left.
You knew the following spells:

 Your Spells              Type           Power      Damage    Failure   Level
a - Magic Dart            Conj           88%        1d7       1%          1
b - Searing Ray           Conj           44%        3d4       2%          2
c - Blink                 Tloc           N/A        N/A       12%         2

Your spell library contained the following spells:

 Spells                   Type           Power      Damage    Failure   Level
 Dazzling Flash           Conj/Hex       24%        N/A       16%         3
 Lesser Beckoning         Tloc           4%         N/A       24%         3
 Iskenderun's Mystic Bla  Conj/Tloc      15%        2d5       36%         4
 Fulminant Prism          Conj/Hex       6%         3d7       47%         4
 Manifold Assault         Tloc           8%         N/A       91%         5
 Starburst                Conj/Fire      6%         6d4       100%        6


Dungeon Overview and Level Annotations

Branches:
Dungeon (3/15)

Altars:

Annotations:
D:2 exclusion: downstairs
D:3 Crazy Yiuf


Innate Abilities, Weirdness & Mutations

Your serpentine skin is tough. (AC +1)
You have supernaturally acute eyesight. (SInv)
Armour fits poorly on your strangely shaped body.
Your system is resistant to poisons. (rPois)
You cover ground very slowly.
You can spit poison.
You have a snake-like lower body.


Message History

Press: ? - help, Shift-Dir - straight line, f - Crazy Yiuf
Aim: Crazy Yiuf, wielding a +3 quarterstaff of chaos and wearing a +0 cloak (81% to hit)
The searing ray hits Crazy Yiuf.
Crazy Yiuf is moderately wounded. (Press . to maintain the ray.) Crazy Yiuf hits you with a +3 quarterstaff of chaos!
Crazy Yiuf freezes you.
The searing ray hits Crazy Yiuf.
Crazy Yiuf is heavily wounded.
Crazy Yiuf whimpers, "Prologue!
Line mumblescurry Orb Guardian."
Crazy Yiuf hits you with a +3 quarterstaff of chaos!
Crazy Yiuf burns you.
The searing ray hits Crazy Yiuf but does no damage.
Crazy Yiuf is heavily wounded.
Crazy Yiuf hits you with a +3 quarterstaff of chaos.
The searing ray misses Crazy Yiuf.
You finish channeling your searing ray.
Crazy Yiuf cries, "Candle!"
Crazy Yiuf barely misses you.
Crazy Yiuf hits you with a +3 quarterstaff of chaos!
* * * LOW HITPOINT WARNING * * *
Crazy Yiuf misses you.
Press: ? - help, Shift-Dir - straight line, f/p - Crazy Yiuf
Aim: Crazy Yiuf, wielding a +3 quarterstaff of chaos and wearing a +0 cloak (heavily wounded)
The splash of poison hits Crazy Yiuf.
Crazy Yiuf is severely wounded.
Crazy Yiuf yells, "Whiteboard!"
Crazy Yiuf hits you with a +3 quarterstaff of chaos!
* * * LOW HITPOINT WARNING * * *
Crazy Yiuf draws strength from your wounds!
Crazy Yiuf barely misses you.
You have got your breath back.
Crazy Yiuf barely misses you.
There are no items here.
Throw: 8 darts (atropa)
Press: ? - help, Shift-Dir - straight line, f/p - Crazy Yiuf
Aim: Crazy Yiuf, wielding a +3 quarterstaff of chaos and wearing a +0 cloak (heavily wounded, 58% to hit, chance to blind on hit: 86%)
You throw an atropa-tipped dart.
The atropa-tipped dart completely misses Crazy Yiuf.
Crazy Yiuf hits you with a +3 quarterstaff of chaos!
You die...

##(........# ♣.♣♣
###.......# ♣♣.♣
#.......# ♣.♣♣
#.......# ♣♣.♣♣
#.......# ♣...♣♣
#.......### ♣...(♣
#........)# #....#
#########.####g.##
#....@...#
#####...## #####


You could see Crazy Yiuf.

Vanquished Creatures
  An iguana (D:2)
  Ijyb (D:3)
  3 worms
  3 dart slugs (D:1)
  8 orcs
  5 endoplasms
  2 giant cockroaches (D:1)
  4 goblins
  6 hobgoblins
  7 jackals (D:3)
  4 quokkas
  A ball python (D:1)
  5 bats
  5 frilled lizards
  5 kobolds
  6 rats
66 creatures vanquished.

Vanquished Creatures (others)
  3 plants (D:2)
3 creatures vanquished.

Grand Total: 69 creatures vanquished

Notes
Turn   | Place    | Note
-------+----------+-------------------------------------------
     0 | D:1      | fijero the Naga Conjurer began the quest for the Orb.
     0 | D:1      | Reached XP level 1. HP: 15/15 MP: 3/3
   280 | D:1      | Reached XP level 2. HP: 22/22 MP: 3/5
   302 | D:1      | Learned a level 2 spell: Searing Ray
   729 | D:1      | Reached XP level 3. HP: 24/28 MP: 3/6
  1955 | D:2      | Reached skill level 5 in Conjurations
  1955 | D:2      | Reached XP level 4. HP: 36/36 MP: 0/7
  1958 | D:2      | Learned a level 2 spell: Blink
  2126 | D:3      | Noticed Ijyb
  2674 | D:3      | Reached skill level 1 in Translocations
  2849 | D:3      | Reached XP level 5. HP: 42/42 MP: 2/8
  3166 | D:3      | Killed Ijyb
  3280 | D:3      | Found a runed translucent door.
  3281 | D:3      | Noticed Crazy Yiuf
  3299 | D:3      | Slain by Crazy Yiuf

Illustrated notes

Levels and vault maps discovered:
D:1:      nicolae_arrival_washed_ashore, layout_loops_ring, serial_glass,
          glass_columns_c, glass_columns_b, minmay_cupped
D:2:      layout_loops_ring, serial_forest, infiniplex_forest_zigzag_1,
          infiniplex_forest_clump_curved, infiniplex_forest_straight_1,
          infiniplex_forest_clump_small, infiniplex_forest_end_2,
          infiniplex_forest_clump_tiny, infiniplex_forest_clump_tiny,
          hangedman_decor_slide_cut
D:3:      layout_rooms, uniq_ijyb, uniq_crazy_yiuf_cottage

Skill      XL: |  1  2  3  4  5 |
---------------+----------------+-----
Conjurations   | 5 |  5.4
Translocations | 1 |  1.7
Stealth        | 4 |  4.2
Dodging        | |  1.8
Spellcasting   | |  2.3

Action                   |  1- 3 |  4- 6 || total
-------------------------+-------+-------++-------
Melee: Dagger            |     6 |     7 ||    13
Throw: Dart              |       |     3 ||     3
 Cast: Magic Dart        |    70 |    39 ||   109
       Searing Ray       |     8 |     6 ||    14
 Abil: Spit Poison       |     8 |     9 ||    17
 Stab: Sleeping          |       |     1 ||     1
Armor: Robe              |     6 |    29 ||    35
       Skin              |       |     6 ||     6
Dodge: Dodged            |    17 |    46 ||    63
